 Dungeon Crawl Stone Soup version 0.28.0-53-g5a82cb258f (webtiles) character file.

Game seed: 13527158757859549684

7 jamesblauser the Conjurer (level 1, -7/14 HPs)
             Began as a Draconian Conjurer on Nov 5, 2022.
             Mangled by a goblin
             ... wielding a +0 dagger of electrocution
              (13 damage)
             ... on level 1 of the Dungeon.
             The game lasted 00:02:01 (161 turns).

jamesblauser the Conjurer (Draconian Conjurer)       Turns: 161, Time: 00:02:02

Health: -7/14      AC:  4    Str:  9    XL:     1   Next: 83%
Magic:  0/3        EV: 12    Int: 18    God:
Gold:   0          SH:  0    Dex:  9    Spells: 3/4 levels left

rFire   . . .      SeeInvis .   a - +0 short sword (drain)
rCold   . . .      Faith    .   (no shield)
rNeg    . . .      Spirit   .   (armour unavailable)
rPois   .          Reflect  .   (helmet restricted)
rElec   .          Harm     .   (no cloak)
rCorr   .          Rampage  .   (no gloves)
Will    .....                   (no boots)
Stlth   ++........              (no amulet)
HPRegen 0.04/turn               (no ring)
MPRegen 0.08/turn               (no ring)

@: no status effects
A: AC +4, unfitting armour, cold-blooded
a: no special abilities


You were on level 1 of the Dungeon.
You visited 1 branch of the dungeon, and saw 1 of its levels.

Inventory:

Hand Weapons
 a - a +0 short sword of draining (weapon)


   Skills:
 + Level 1.8 Dodging
 + Level 1.8 Stealth
 + Level 2.0 Spellcasting
 + Level 4.3 Conjurations


You had 3 spell levels left.
You knew the following spells:

 Your Spells              Type           Power      Damage    Failure   Level
a - Magic Dart            Conj           68%        1d6       3%          1

Your spell library contained the following spells:

 Spells                   Type           Power      Damage    Failure   Level
 Searing Ray              Conj           34%        2d5       4%          2
 Dazzling Flash           Conj/Hex       18%        N/A       22%         3
 Fulminant Prism          Conj/Hex       4%         3d6       58%         4
 Iskenderun's Mystic Bla  Conj/Tloc      9%         2d4       58%         4


Dungeon Overview and Level Annotations

Branches:
Dungeon (1/15)

Altars:


Innate Abilities, Weirdness & Mutations

Your plain brown scales are hard. (AC +4)
You cannot fit into any form of body armour.
You are cold-blooded and may be slowed by cold attacks.


Message History

You kill the jackal!
The jackal bites you but does no damage.
You barely miss the goblin. The jackal closely misses you.
The goblin closely misses you.
You hit the goblin.
Your tail-slap misses the goblin.
The goblin is moderately wounded.
The jackal bites you but does no damage.
The goblin closely misses you.
The jackal bites you but does no damage.
You barely miss the goblin.
The goblin is moderately wounded.
The jackal barely misses you. The goblin hits you but does no damage.
The jackal completely misses you.
You barely miss the goblin.
The goblin is moderately wounded.
The goblin hits you with a +0 dagger of electrocution.
The jackal barely misses you.
You hit the goblin.
The goblin is severely wounded.
The jackal closely misses you.
The goblin hits you with a +0 dagger of electrocution.
The jackal barely misses you.
You closely miss the goblin.
Your tail-slap misses the goblin.
The goblin is severely wounded.
The goblin hits you with a +0 dagger of electrocution.
The jackal closely misses you. The goblin hits you but does no damage.
The jackal closely misses you.
You barely miss the jackal.
The jackal is severely wounded.
The jackal closely misses you.
Aiming: Magic Dart (safe; 3% risk of failure)
Press: ? - help, Q - select action Shift-Dir - straight line, f/p - goblin
Aim: a goblin, wielding a +0 dagger of electrocution (severely wounded, 100% to hit)
The magic dart hits the jackal.
You kill the jackal!
You closely miss the goblin.
The goblin is severely wounded.
The goblin hits you but does no damage.
You are electrocuted!
Ouch! That really hurt!
You die...

#....# #....#
....... #....#
....... #....#
....... #....#
....... #....#
......g #....#
.......
#....##.......
##..@g†.......
###.###........
#....##.#######
#....##.#
##....##.#
#.....##.#######
#...>...........
#.....##.#######
#.....##.#


You could see a goblin.

Vanquished Creatures
  A bat (D:1)
  3 jackals (D:1)
  A ball python (D:1)
  A kobold (D:1)
6 creatures vanquished.

Notes
Turn   | Place    | Note
-------+----------+-------------------------------------------
     0 | D:1      | jamesblauser the Draconian Conjurer began the quest for the
                  | Orb.
     0 | D:1      | Reached XP level 1. HP: 14/14 MP: 3/3
   161 | D:1      | Mangled by a goblin

Illustrated notes

Levels and vault maps discovered:
D:1:      lemuel_arrival_hallway, layout_basic, minmay_hedge_maze

Action                   || total
-------------------------++-------
Melee: Short sword       ||    20
       Tailslap          ||     3
       Punch             ||     1
 Cast: Magic Dart        ||     7
Armor: Skin              ||    16
Dodge: Dodged            ||    30
